 Dungeon Crawl Stone Soup version 0.30-a0-756-gc2185399d4 (webtiles) character file.

Game seed: 11206543023036410569

80623 zero the Thaumaturge (level 15, 92/92 HPs)
             Began as a Deep Elf Earth Elementalist on Feb 9, 2023.
             Was a Believer of Ashenzari.
             Quit the game on level 13 of the Dungeon.
             The game lasted 00:51:37 (27141 turns).

zero the Thaumaturge (Deep Elf Earth Elementalist) Turns: 27141, Time: 00:51:38

Health: 92/92      AC:  7    Str:  4    XL:     15   Next: 24%
Magic:  44/44      EV: 21    Int: 27    God:    Ashenzari [**....]
Gold:   327        SH: 10    Dex: 22    Spells: 11/43 levels left

rFire   . . .      SeeInvis +    y - staff of death
rCold   + + .      Faith    .    a - +2 buckler
rNeg    + + .      Spirit   .    z - +2 robe {Archmagi}
rPois   +          Reflect  .    (no helmet)
rElec   +          Harm     .    T - scarf "Share My Scepticism" {shadows, Elem, Cun} (curse)
rCorr   .          Rampage  .    c - +2 pair of gloves of the Ensconced Sky {Self, Melee} (curse)
Will    +....      Archmagi +    (no boots)
Stlth   ++++                     w - amulet of Vitality {RegenMP++ Regen++, Comp, Cun} (curse)
HPRegen 1.95/turn                v - ring "Augurer of Ashenzari" {rPois rC+ rN+ SInv, Melee, Comp} (curse)
MPRegen 1.09/turn                F - ring of Adoateg {rElec rPois rC+ MP+9 Dex+3}

@: no status effects
A: talons 1, large bone plates 1, agile 1
a: Renounce Religion, Curse Item, Shatter the Chains


You were on level 13 of the Dungeon.
You worshipped Ashenzari.
Ashenzari was pleased with you.
You visited 4 branches of the dungeon, and saw 22 of its levels.
You also visited: Ossuary.

You collected 2010 gold pieces.
You spent 1683 gold pieces at shops.

Inventory:

Missiles
 s - 2 throwing nets
Armour
 a - a +2 buckler (worn)
 c - the cursed +2 pair of gloves of the Ensconced Sky (worn) {Self, Melee}
   (You found it on level 2 of the Dungeon)

   It has a curse which improves the following skills: Introspection: Fighting
   and Spellcasting.
   Melee Combat: Short Blades, Long Blades, Axes, Maces & Flails, Polearms,
   Staves and Unarmed Combat.
 z - a +2 robe of the Archmagi (worn)
 T - the cursed scarf "Share My Scepticism" (worn) {shadows, Elem, Cun}
   (You found it on level 11 of the Dungeon)

   It has a curse which improves the following skills: Elements: Fire Magic, Ice
   Magic, Air Magic and Earth Magic.
   Cunning:   Dodging and Stealth.
Magical Staves
 y - a staff of death (weapon)
Jewellery
 j - a ring of willpower
 v - the cursed ring "Augurer of Ashenzari" (left hand) {rPois rC+ rN+ SInv, Melee, Comp}
   (You acquired it on level 1 of the Lair of Beasts)

   [ring of protection from cold]

   rC:        It protects you from cold.
   rPois:     It protects you from poison.
   rN:        It protects you from negative energy.
   SInv:      It lets you see invisible.
   It has a curse which improves the following skills: Melee Combat: Short
   Blades, Long Blades, Axes, Maces & Flails, Polearms, Staves and Unarmed
   Combat.
   Companions: Summonings and Necromancy.
 w - the cursed amulet of Vitality (around neck) {RegenMP++ Regen++, Comp, Cun}
   (You found it on level 4 of the Lair of Beasts)

   [amulet of magic regeneration]

   It increases your rate of magic regeneration.
   Regen:     It increases your rate of health regeneration.
   It has a curse which improves the following skills: Companions: Summonings
   and Necromancy.
   Cunning:   Dodging and Stealth.
 F - the ring of Adoateg (right hand) {rElec rPois rC+ MP+9 Dex+3}
   (You bought it in a shop on level 2 of the Orcish Mines)

   [ring of poison resistance]

   Dex:       It affects your dexterity (+3).
   rC:        It protects you from cold.
   rElec:     It insulates you from electricity.
   rPois:     It protects you from poison.
   MP:        It affects your magic capacity (+9).
 K - a ring of resist corrosion
 P - a ring of flight
 S - a ring of protection from fire
Wands
 A - a wand of iceblast (51)
 J - a wand of mindburst (16)
 L - a wand of digging (8)
 U - a wand of acid (11)
 V - a wand of charming (11)
 Y - a wand of polymorph (6)
Scrolls
 e - 4 scrolls of fear
 f - a scroll of fog
 g - 8 scrolls of teleportation
 h - 8 scrolls of vulnerability
 k - a scroll of poison
 l - 2 scrolls of summoning
 m - 3 scrolls of amnesia
 p - 6 scrolls of immolation
 q - 7 scrolls of blinking
 t - 6 scrolls of torment
 C - 3 scrolls of magic mapping
 Q - a scroll of silence
Potions
 b - 4 potions of magic
 d - 8 potions of curing
 i - 3 potions of ambrosia
 n - 7 potions of mutation
 o - a potion of invisibility
 r - 6 potions of heal wounds
 u - 3 potions of brilliance
 x - 3 potions of berserk rage
 D - 3 potions of attraction
 E - 6 potions of might
 G - 2 potions of cancellation
 H - 5 potions of flight
 I - 3 potions of resistance
 Z - a potion of haste
Miscellaneous
 B - a condenser vane
 W - a phantom mirror


   Skills:
 - Level 8.4(9.7) Fighting
 - Level 8.2 Ranged Weapons
 - Level 10.4(12.3) Dodging
 - Level 6.7(8.6) Stealth
 - Level 13.8(14.9) Spellcasting
 - Level 7.0 Conjurations
 * Level 8.4(10.3) Summonings
 + Level 11.6(13.4) Necromancy
 - Level 1.1 Transmutations
 * Level 9.7(10.9) Ice Magic
 + Level 8.8(10.1) Air Magic
 - Level 10.0(11.2) Earth Magic
 + Level 4.6 Evocations


You had 11 spell levels left.
You knew the following spells:

 Your Spells              Type           Power      Damage    Failure   Level
a - Sandblast             Erth           100%       2d20      1%          1
b - Stone Arrow           Conj/Erth      100%       3d13      1%          3
c - Arcjolt               Conj/Air       39%        1d49      3%          5
d - Simulacrum            Ice/Necr       57%        N/A       3%          6
e - Haunt                 Necr/Summ      56%        N/A       22%         7
f - Infestation           Necr           59%        N/A       67%         8
Z - Sublimation of Blood  Necr           100%       N/A       1%          2

Your spell library contained the following spells:

 Spells                   Type           Power      Damage    Failure   Level
 Magic Dart               Conj           100%       1d8       1%          1
 Passwall                 Tmut/Erth      57%        N/A       1%          2
 Searing Ray              Conj           100%       2d8       1%          2
 Static Discharge         Conj/Air       100%       2-7/arc   1%          2
 Hailstorm                Conj/Ice       80%        3d16      1%          3
 Vhi's Electric Charge    Tloc/Air       100%       N/A       1%          3
 Animate Dead             Necr           100%       N/A       1%          4
 Beastly Appendage        Tmut           78%        N/A       2%          1
 Kindle Blastsparks       Fire/Tloc/Air  100%       2d18      2%          3
 Petrify                  Tmut/Erth      69%        N/A       2%          4
 Wereblood                Tmut           39%        N/A       3%          2
 Ice Form                 Ice/Tmut       68%        N/A       3%          4
 Lightning Bolt           Conj/Air       39%        1d58      3%          5
 Blink                    Tloc           60%        N/A       5%          2
 Spider Form              Tmut/Pois      34%        N/A       9%          3
 Fulminant Prism          Conj/Hex       27%        3d14      9%          4
 Sticky Flame             Conj/Fire      56%        2d7       9%          4
 Irradiate                Conj/Tmut      29%        3d21      19%         5
 Manifold Assault         Tloc           30%        N/A       34%         4
 Summon Hydra             Summ           42%        N/A       38%         7
 Blade Hands              Tmut           19%        N/A       52%         5
 Storm Form               Tmut/Air       33%        N/A       96%         7
 Summon Horrible Things   Summ           42%        N/A       97%         8
 Malign Gateway           Summ/Tloc      32%        N/A       98%         7
 Dragon Form              Tmut           19%        N/A       100%        7
 Necromutation            Tmut/Necr      47%        N/A       100%        8


Dungeon Overview and Level Annotations

Branches:
Dungeon (14/15) Temple (1/1) D:4 Lair (5/5) D:10 Shoals (0/4) Lair:3 Spider (0/4) Lair:3 Slime (0/5) Lair:5 Orc (2/2) D:10 Elf (0/3) Orc:2 Vaults (0/5) D:12 D:13 Ossuary (visited)

Altars:
Ashenzari
Cheibriados
Dithmenos
Elyvilon
Fedhas
Gozag
Hepliaklqana
Kikubaaqudgha
Makhleb
Nemelex Xobeh
Okawaru
Qazlal
Ru
Sif Muna
Trog
Uskayaw
Vehumet
Wu Jian
Xom
Yredelemnul
Zin
The Shining One

Shops:
D:1 *   D:5 ?   D:10 :   Orc:2 ?=:!(*[

Annotations:
D:11 1 runed translucent door, Jib19100's ghost, journeyman MiBe
Lair:4 exclusion: obsidian statue


Innate Abilities, Weirdness & Mutations

You have sharp toenails.
You are partially covered in large bone plates. (SH +4)
You are agile. (Dex +4, Str/Int -1)


Message History

You feel a surge of power!
The stone arrow hits the basilisk!
You kill the basilisk!
You feel a surge of power!
The stone arrow hits the tengu conjurer!!
The tengu conjurer is heavily wounded.
Your manticore simulacrum bites the tengu conjurer.
Your manticore simulacrum freezes the tengu conjurer!!
The tengu conjurer dies!
What are your orders? t - Shout!
Orders for allies: a - Attack new target. r - Retreat! s - Stop attacking. g - Guard the area. f - Follow me.
Anything else - Cancel.
Gang up on whom?
Press: ? - help, Dir - move target, f - you Really target yourself?
Okay, then.
You start resting.
A tengu warrior comes into view.
It is wielding a +3 dire flail of protection.
A tengu warrior is nearby!
You climb upwards.
Your mindless puppet stays behind to rot.
There is a stone staircase leading down here.
You start resting.
HP restored.
You start resting.
Magic restored.
Okay, then.
Okay, then.
Okay, then.
Unknown command.
Okay, then.
Casting: Stone Arrow (safe; 1% risk of failure)
Confirm with . or Enter, or press ? or * to list all spells.
Okay, then.
Okay, then.
Okay, then.
Unknown command.
Are you sure you want to abandon this character and quit the game? (Confirm with "yes".)

.........###.##########
.##..#####............#
......................#
......................#
.......###............#
...[.#.###............#
............).....[...#
#.#........#=...∩<))..#
#.#.##.#####....<@.[..#
#.#.##Z# #..........####
#.#.##Z# #.............#
..#.##Z#####...........#.#
###.##.................#Z#
###.#######............#Z#
..#.### #..........##..#
......# #.########....##
~.....# ##.# ######


There were no monsters in sight!

Vanquished Creatures
  Kirke (D:13)
  Nessos (D:13)
  Erolcha (D:9)
  6 hydras
  4 ogre magi (Orc:2)
  4 boulder beetles
  2 nameless horrors (D:13)
  4 two-headed ogres
  Erica (D:9)
  An orc high priest (Orc:1)
  A tengu warrior (D:14)
  A soul eater (D:12)
  Nergalle (Orc:1)
  A lindwurm (Orc:1)
  A deep elf pyromancer (D:13)
  An orc knight (D:13)
  2 ugly things
  2 manticores
  5 orc sorcerers
  9 elephants
  4 slime creatures
  10 cane toads
  6 black mambas
  A torpor snail (Lair:3)
  2 kobold demonologists
  A gargoyle (D:12)
  Psyche (D:9)
  3 rime drakes
  8 komodo dragons
  An ice devil (D:12)
  5 polar bears
  3 trolls
  Grinder (D:3)
  Prince Ribbit (D:7)
  A hornet (D:8)
  14 blink frogs
  A snapping turtle (Lair:3)
  3 dream sheep (Lair:3)
  Sigmund (D:3)
  A shadow (D:12)
  4 wyverns
  4 culicivoras (Lair:3)
  8 wraiths
  A ynoxinul (D:12)
  2 fire elementals (D:13)
  15 humans (D:13)
  A steam dragon (D:6)
  40 yaks
  2 hogs (D:13)
  4 basilisks
  Grum (Lair:1)
  14 vampire mosquitoes
  3 wargs
  An acid dragon (D:11)
  10 water moccasins
  6 hell hounds
  3 sky beasts
  5 ice beasts
  17 orc warriors
  4 black bears
  A centaur (D:10)
  4 ogres
  12 wolves
  2 phantoms
  4 kobold brigands
  10 bullfrogs
  2 gnoll sergeants
  3 scorpions
  12 killer bees
  3 howler monkeys (D:12)
  2 lava snakes (D:7)
  A centaur zombie (Ossuary)
  5 hounds
  19 orc priests
  Ijyb (D:3)
  A gnoll bouda (Lair:3)
  2 iguanas (D:4)
  25 orc wizards
  3 mummies (Ossuary)
  24 gnolls
  6 adders
  6 white imps
  3 ufetubi
  A worm (D:4)
  A dart slug (D:5)
  70 orcs
  6 endoplasms
  5 giant cockroaches
  5 hobgoblins
  31 kobolds
  A quokka (D:1)
  6 ball pythons
  A bat (D:2)
  A frilled lizard (D:2)
  2 gnoll zombies (Ossuary)
  5 goblins
  A goblin zombie (Ossuary)
  A hobgoblin zombie (Ossuary)
  A kobold zombie (Ossuary)
  2 orc zombies (Ossuary)
  6 rats
  A butterfly (Lair:3)
560 creatures vanquished.

Vanquished Creatures (collateral kills)
  Saint Roka (Orc:2)
  Azrael (D:13)
  Josephine (Orc:2)
  A boulder beetle (Lair:5)
  Sonja (Orc:2)
  2 lindwurms (Lair:5)
  2 deep elf pyromancers (D:13)
  An oklob plant (Orc:2)
  3 orc sorcerers (Orc:2)
  A manticore (D:13)
  A cyclops (D:13)
  7 elephants
  A komodo dragon (Lair:5)
  A rime drake (Lair:4)
  A tengu conjurer (D:14)
  6 polar bears (Lair:5)
  A water elemental (D:13)
  A wraith (Orc:2)
  A vampire (D:13)
  4 wargs
  A water moccasin (Lair:5)
  15 hell hounds (Lair:5)
  8 black bears (Lair:5)
  2 orc warriors (Orc:1)
  14 wolves (Lair:5)
  5 orc wizards (Orc:2)
  6 hell rats (Lair:5)
  An ufetubus (D:13)
  3 orcs
93 creatures vanquished.

Vanquished Creatures (others)
  2 humans (D:13)
  A hog (D:13)
  2 demonic plants (D:12)
  30 fungi
  36 plants
  A withered plant (D:9)
72 creatures vanquished.

Grand Total: 725 creatures vanquished

Notes
Turn   | Place    | Note
-------+----------+-------------------------------------------
     0 | D:1      | zero the Deep Elf Earth Elementalist began the quest for
                  | the Orb.
     0 | D:1      | Reached XP level 1. HP: 10/10 MP: 6/6
   242 | D:1      | Reached XP level 2. HP: 15/15 MP: 5/8
   285 | D:1      | Found Ujiwuah's Assorted Antiques.
   313 | D:1      | Learned a level 2 spell: Sublimation of Blood
  1147 | D:2      | Reached skill level 1 in Necromancy
  1147 | D:2      | Reached XP level 3. HP: 8/19 MP: 7/10
  1151 | D:2      | Learned a level 3 spell: Stone Arrow
  1294 | D:2      | Reached skill level 4 in Spellcasting
  1490 | D:3      | Noticed Grinder
  1627 | D:3      | Paralysed by Grinder for 3 turns
  1717 | D:3      | Killed Grinder
  1718 | D:3      | Reached skill level 5 in Spellcasting
  1718 | D:3      | Reached XP level 4. HP: 24/24 MP: 4/13
  1718 | D:3      | Reached XP level 5. HP: 28/28 MP: 4/14
  2031 | D:3      | Noticed Sigmund
  2037 | D:3      | Killed Sigmund
  2038 | D:3      | Reached skill level 5 in Earth Magic
  2038 | D:3      | Reached XP level 6. HP: 23/32 MP: 5/16
  2134 | D:3      | Learned a level 5 spell: Arcjolt
  2211 | D:3      | Reached skill level 6 in Spellcasting
  2575 | D:3      | Noticed Ijyb
  2582 | D:3      | Killed Ijyb
  2840 | D:4      | Reached XP level 7. HP: 36/36 MP: 10/18
  2895 | D:4      | Found a staircase to the Ecumenical Temple.
  2911 | Temple   | Entered the Ecumenical Temple
  2986 | Temple   | Became a worshipper of Ashenzari the Shackled
  3045 | D:4      | Reached skill level 1 in Air Magic
  3373 | D:4      | Reached skill level 5 in Dodging
  3807 | D:5      | Entered Level 5 of the Dungeon
  3815 | D:4      | Gained mutation: You are partially covered in large bone
                  | plates. (SH +4) [potion of mutation]
  3815 | D:4      | Gained mutation: You are agile. (Dex +4, Str/Int -1)
                  | [potion of mutation]
  3815 | D:4      | Gained mutation: You have sharp toenails. [potion of
                  | mutation]
  3916 | D:5      | Reached skill level 7 in Spellcasting
  3916 | D:5      | Reached XP level 8. HP: 41/41 MP: 8/20
  4127 | D:1      | Bought a dull robe for 131 gold pieces
  4127 | D:1      | Identified the +3 robe of the Abyss {rN+} (You bought it in
                  | a shop on level 1 of the Dungeon)
  4127 | D:1      | Bought a scroll labelled KURHICUEKY for 23 gold pieces
  4127 | D:1      | Bought a pink potion for 20 gold pieces
  5189 | D:5      | Found Tecusm's Magic Scroll Emporium.
  5598 | D:6      | Reached skill level 1 in Fighting
  5682 | D:6      | Found a sand-covered staircase.
  5687 | Ossuary  | Entered an ossuary
  6224 | D:6      | Reached * piety under Ashenzari
  6530 | D:7      | Noticed Prince Ribbit
  6763 | D:7      | Killed Prince Ribbit
  6764 | D:7      | Reached skill level 8 in Spellcasting
  6764 | D:7      | Reached XP level 9. HP: 41/49 MP: 5/23
  7368 | D:1      | Bought a runed shortbow for 138 gold pieces
  7582 | D:7      | Reached skill level 5 in Conjurations
  7651 | D:7      | Reached skill level 1 in Ranged Weapons
  8156 | D:7      | Found a radiant altar of Vehumet.
  8156 | D:7      | Found a basalt altar of Yredelemnul.
  8240 | D:7      | Identified the +7 hand axe of Oxoh {freeze, rPois rC+}
  8496 | D:8      | Reached ** piety under Ashenzari
  8730 | D:8      | Reached skill level 1 in Evocations
  8777 | D:8      | Killed a large slime creature
  8785 | D:8      | Reached XP level 10. HP: 53/59 MP: 0/26
  8786 | D:8      | Reached skill level 9 in Spellcasting
  9088 | D:8      | Reached skill level 5 in Air Magic
  9524 | D:8      | Found an ornate altar of the Wu Jian Council.
  9622 | D:9      | Noticed Psyche
  9622 | D:9      | Noticed Erica
  9625 | D:9      | Killed Psyche
  9626 | D:9      | Killed Erica
 10072 | D:9      | Noticed Erolcha
 10076 | D:9      | Killed Erolcha
 10077 | D:9      | Reached skill level 5 in Fighting
 10077 | D:9      | Reached skill level 10 in Spellcasting
 10519 | D:9      | Found an ancient bone altar of Kikubaaqudgha.
 11106 | D:10     | Entered Level 10 of the Dungeon
 11255 | D:10     | Reached *** piety under Ashenzari
 11294 | D:10     | Reached XP level 11. HP: 62/68 MP: 30/30
 11321 | D:10     | Found a sparkling altar of Nemelex Xobeh.
 11325 | D:10     | Reached skill level 11 in Spellcasting
 11437 | D:10     | Found a shimmering blue altar of Sif Muna.
 11439 | D:10     | Found a snail-covered altar of Cheibriados.
 11439 | D:10     | Found a white marble altar of Elyvilon.
 11440 | D:10     | Found a burning altar of Makhleb.
 11442 | D:10     | Found a shadowy altar of Dithmenos.
 11442 | D:10     | Found a glowing golden altar of the Shining One.
 11443 | D:10     | Found an iron altar of Okawaru.
 11637 | D:10     | Found a staircase to the Orcish Mines.
 11713 | D:10     | Found Omuutz's Vocational Training.
 11718 | D:10     | Found a staircase to the Lair.
 11720 | D:10     | Reached **** piety under Ashenzari
 11929 | D:11     | Noticed a boulder beetle
 11937 | D:11     | Killed a boulder beetle
 12613 | D:11     | Reached skill level 10 in Earth Magic
 12696 | D:11     | Reached ***** piety under Ashenzari
 12953 | D:11     | Found a runed translucent door.
 12953 | D:11     | Found a shimmering altar of Xom.
 12953 | D:11     | Noticed Jib19100's ghost (journeyman MiBe)
 12954 | D:11     | Noticed a +1 hand axe of chaos
 13190 | D:12     | Noticed a green ugly thing
 13194 | D:12     | Killed a green ugly thing
 13195 | D:12     | Reached skill level 5 in Ranged Weapons
 13236 | D:12     | Noticed a soul eater
 13255 | D:12     | Killed a soul eater
 13758 | D:12     | Noticed a two-headed ogre
 13761 | D:12     | Killed a two-headed ogre
 13779 | D:12     | Noticed a boulder beetle
 13787 | D:12     | Killed a boulder beetle
 14267 | D:12     | Reached skill level 12 in Spellcasting
 14373 | D:12     | Reached XP level 12. HP: 78/78 MP: 29/33
 14612 | D:12     | Noticed a two-headed ogre
 14616 | D:12     | Killed a two-headed ogre
 14617 | D:12     | Reached skill level 5 in Necromancy
 14798 | D:13     | Noticed a two-headed ogre
 14798 | D:13     | Noticed Nessos
 14798 | D:13     | Found a gate to the Vaults.
 14803 | D:13     | Killed a two-headed ogre
 15140 | D:13     | Noticed a boulder beetle
 15507 | Lair:1   | Entered Level 1 of the Lair of Beasts
 15647 | Lair:1   | Reached skill level 1 in Ice Magic
 15736 | Lair:1   | Identified a scroll of acquirement
 15804 | Lair:1   | Acquired the ring "Ahogovi" {rPois rC+ rN+ SInv}
 16392 | Lair:1   | Noticed Grum
 16402 | Lair:1   | Killed Grum
 16504 | Lair:1   | Identified the Papyrus of Hot Shapeshifting
 16881 | Lair:2   | Reached skill level 13 in Spellcasting
 17060 | Lair:2   | Reached XP level 13. HP: 84/84 MP: 30/34
 17067 | Lair:2   | Learned a level 6 spell: Simulacrum
 17660 | Lair:3   | Reached skill level 5 in Stealth
 18589 | Lair:3   | Found a hole to the Spider Nest.
 19096 | Lair:3   | Found a staircase to the Shoals.
 19457 | Lair:3   | HP: 1/81 [eight-headed hydra (5)]
 19936 | Lair:4   | Reached skill level 10 in Dodging
 19959 | Lair:4   | Found the amulet of Vitality {RegenMP++ Regen++}
 20212 | Lair:4   | Reached skill level 1 in Summonings
 20265 | Lair:4   | Reached skill level 5 in Ice Magic
 21013 | Lair:5   | Entered Level 5 of the Lair of Beasts
 21018 | Lair:5   | Reached skill level 10 in Necromancy
 21173 | Lair:5   | Reached XP level 14. HP: 88/88 MP: 23/35
 21724 | Lair:5   | Found a staircase to the Slime Pits.
 21991 | Lair:5   | Reached skill level 5 in Summonings
 22356 | Lair:5   | Learned a level 7 spell: Haunt
 22365 | Lair:5   | Learned a level 8 spell: Infestation
 22528 | Orc:1    | Entered Level 1 of the Orcish Mines
 23081 | Orc:1    | Found a dark tunnel.
 23319 | Orc:1    | Noticed Nergalle
 23325 | Orc:1    | Killed Nergalle
 23505 | Orc:2    | Entered Level 2 of the Orcish Mines
 23505 | Orc:2    | Noticed Josephine
 23510 | Orc:2    | Killed Josephine
 23745 | Orc:2    | Paralysed by an orc sorcerer for 4 turns
 23767 | Orc:2    | Found a staircase to the Elven Halls.
 23803 | Orc:2    | Found Ezoyxoa's Magic Scroll Shop.
 23814 | Orc:2    | Bought a scroll of blinking for 127 gold pieces
 23814 | Orc:2    | Bought a scroll of fear for 68 gold pieces
 23814 | Orc:2    | Bought a scroll of blinking for 127 gold pieces
 23956 | Orc:2    | Noticed Sonja
 23962 | Orc:2    | Killed Sonja
 24145 | Orc:2    | Found Gutsoonk's Assorted Antiques.
 24180 | Orc:2    | Found Taakie's Antique Armour Shop.
 24253 | Orc:2    | Bought a buckler for 189 gold pieces
 25008 | Orc:2    | Found Pidump's Jewellery Emporium.
 25009 | Orc:2    | Noticed Saint Roka
 25170 | Orc:2    | Killed Saint Roka
 25333 | Orc:2    | Bought the ring of Adoateg {rElec rPois rC+ MP+9 Dex+3} for
                  | 860 gold pieces
 25356 | Orc:2    | Found a radiant altar of Vehumet.
 25461 | Orc:2    | Found Deunaur's Book Emporium.
 25492 | Orc:2    | Found Somigear's Distillery.
 25510 | Orc:2    | Found Bumn's Antique Weapon Shoppe.
 25569 | Orc:2    | Found an ancient bone altar of Kikubaaqudgha.
 25929 | D:12     | Reached XP level 15. HP: 89/92 MP: 22/35
 25953 | D:13     | Killed Nessos
 26319 | D:13     | Noticed Azrael
 26461 | D:13     | Noticed Kirke
 26569 | D:13     | Identified the cursed scarf "Share My Scepticism" {shadows,
                  | Elem, Cun} (You found it on level 11 of the Dungeon)
 26569 | D:13     | Identified the cursed +2 pair of gloves of the Ensconced
                  | Sky {Self, Melee} (You found it on level 2 of the Dungeon)
 26594 | D:13     | Killed Kirke
 26792 | D:13     | Killed Azrael
 27141 | D:13     | Quit the game

Illustrated notes

Levels and vault maps discovered:
D:1:      dpeg_arrival_rooms_c, layout_basic, serial_shops, shop,
          minmay_tetromino_o4
D:2:      layout_rooms, minmay_cupped
D:3:      layout_basic, uniq_grinder, uniq_sigmund, uniq_ijyb
D:4:      layout_loops_ring, minmay_temple_entry_offerings, minmay_crystal_room,
          kennysheep_small_circle
D:5:      layout_cave_pools, serial_column_ruins, column_ruins_hut,
          column_ruins_open_small, column_ruins_grid_2,
          column_ruins_columns_corner, column_ruins_corridor_straight,
          column_ruins_open_tiny, column_ruins_corridor_dead_end, serial_shops,
          kennysheep_mini_moat, guppyfry_early_orc_mine
D:6:      layout_basic, nicolae_ossuary_entry_false_entrances,
          minmay_unpleasant_kobolds
D:7:      layout_loops_ring, nicolae_overflow_two_pavilions, enter_bailey_2,
          kennysheep_another_room, grunt_ministairs_14, uniq_prince_ribbit1
D:8:      layout_loops_cross, nzn_wu_jian_council_hall
D:9:      layout_basic, kiku_gazebo_garden_becter, uniq_psyche, uniq_erica,
          uniq_erolcha
D:10:     layout_roguey, grunt_temple_overflow_open, lair_entry_dummy,
          orc_0_dummy, hangedman_decor_push, nicolae_shop_vocational
D:11:     layout_loops_cross, ebering_ghost_xom
D:12:     layout_loops_corners, serial_demonic, serial_demonic_c,
          serial_demonic_b, serial_demonic_g, serial_demonic_g,
          portal_ice_cave_rime
D:13:     layout_loops_ring, david_vaults_3, serial_ice, serial_ice_i,
          serial_ice_g, serial_ice_b, serial_ice_n, uniq_azrael, uniq_nessos,
          uniq_kirke
D:14:     layout_rooms, serial_shops, shop, ebering_ghost_disaster_area,
          abandoned_shop
Temple:   zaba_magenta_temple
Lair:1:   layout_hall_layers, uniq_grum
Lair:2:   layout_roguey, lemuel_fruit_tree
Lair:3:   layout_regular_city, minmay_shoals_entry_hut,
          hellmonk_spider_entry_life_and_decay, dreamdust_gnoll_shepherd,
          infiniplex_staircase_pool, lemuel_fruit_fields
Lair:4:   statuecave_lemuel, layout_gridlike, grunt_megastairs_4
Lair:5:   hangedman_lair_caniforms_friends, layout_regular_city, slime_entry_1,
          minivault_19, nicolae_lair_lil_pond, infiniplex_staircase_pool_2
Orc:1:    layout_caves, nicolae_volcano_entry_vermiform,
          nicolae_orc_flooded_monolith, uniq_nergalle
Orc:2:    kennysheep_orc_mage_school, layout_diamond_mine, serial_shops,
          nicolae_shop_competitors_out_of_business, nicolae_diamond_shop,
          nicolae_square_shop, mines3_lemuel, uniq_josephine, uniq_saint_roka,
          uniq_sonja

Skill      XL: |  1  2  3  4  5  6  7  8  9 10 11 12 13 14 15 |
---------------+----------------------------------------------+-----
Necromancy     | 1 2 4 8 10 11 | 11.6
Spellcasting   | 5 6 7 8 10 12 13 | 13.8
Earth Magic    | 4 5 6 7 9 10 | 10.0
Dodging        | 3 4 5 6 7 8 9 10 | 10.4
Conjurations   | 2 3 4 5 6 7 |  7.0
Air Magic      | 2 3 4 5 7 8 |  8.8
Stealth        | 4 6 |  6.7
Fighting       | 1 3 5 7 8 |  8.4
Ranged Weapons | 3 6 7 8 |  8.2
Evocations     | 1 2 3 4 |  4.6
Ice Magic      | 3 6 9 |  9.7
Summonings     | 3 7 8 |  8.4
Transmutations | |  1.1

Action                     |  1- 3 |  4- 6 |  7- 9 | 10-12 | 13-15 || total
---------------------------+-------+-------+-------+-------+-------++-------
  Melee: Spear             |     3 |       |       |       |       ||     3
         Staff             |       |       |       |       |     2 ||     2
         Kick              |       |       |       |       |     1 ||     1
   Fire: Sling             |    28 |    38 |   108 |       |       ||   174
         Shortbow          |       |       |    35 |   191 |   243 ||   469
   Cast: Sandblast         |    24 |    25 |    92 |     9 |    10 ||   160
         Stone Arrow       |     7 |    11 |    73 |   154 |   363 ||   608
         Arcjolt           |       |       |       |    36 |    45 ||    81
         Simulacrum        |       |       |       |       |   114 ||   114
         Haunt             |       |       |       |       |    14 ||    14
 Invoke: Curse Item        |       |       |     3 |     4 |     3 ||    10
         Shatter the Chain |       |       |       |     1 |     5 ||     6
  Evoke: Wand              |       |       |     1 |       |       ||     1
    Use: Potion            |       |       |     2 |     1 |       ||     3
         Scroll            |       |       |     6 |     1 |     6 ||    13
 Armour: Robe              |     2 |       |    13 |    20 |    52 ||    87
  Dodge: Dodged            |    18 |    28 |    63 |   115 |   345 ||   569
  Block: Other             |     3 |     3 |    48 |    74 |    52 ||   180
         Reflection        |       |       |     9 |    11 |       ||    20
         Buckler           |       |       |       |       |    33 ||    33

Table legend: (Time is in decaauts)
 A = Elapsed time spent in this place.
 B = Non-inter-level travel time spent in this place.
 C = Inter-level travel time spent in this place.
 D = Time resting spent in this place.
 E = Time spent auto-exploring this place.
 F = Levels seen in this place.
 G = Mean time per level.
                   A        B        C        D        E       F      G
               +--------+--------+--------+--------+--------+-----+--------+
         Total |  27377 |  25132 |   2245 |   5914 |  15470 |  23 | 1190.3 |
       Dungeon |  17001 |  15440 |   1561 |   3957 |   9635 |  14 | 1214.4 |
        Temple |     90 |     75 |     15 |      0 |     66 |   1 |   90.0 |
          Lair |   7061 |   6674 |    387 |   1389 |   4097 |   5 | 1412.2 |
  Orcish Mines |   2933 |   2653 |    280 |    535 |   1529 |   2 | 1466.5 |
       Ossuary |    290 |    290 |      0 |     33 |    142 |   1 |  290.0 |
               +--------+--------+--------+--------+--------+-----+--------+

Top non-repeatable levels by time:
    D:12: 2454 daAuts
  Lair:3: 2336 daAuts
   Orc:2: 1720 daAuts
     D:6: 1596 daAuts
     D:9: 1495 daAuts
  Lair:5: 1433 daAuts
     D:3: 1417 daAuts
    D:10: 1324 daAuts
  Lair:1: 1290 daAuts
   Orc:1: 1212 daAuts
  Lair:4: 1191 daAuts
    D:11: 1172 daAuts
     D:8: 1165 daAuts
     D:4: 1164 daAuts
    D:13: 1122 daAuts
